 Dungeon Crawl Stone Soup version 0.20.1-1-g8b1a95d (webtiles) character file.

289 Ladykiller69 the Grave Robber (level 6, -3/32 HPs)
             Began as a Deep Elf Necromancer on July 7, 2017.
             Slain by a bullfrog (4 damage)
             ... on level 3 of the Dungeon.
             The game lasted 00:09:19 (3378 turns).

Ladykiller69 the Grave Robber (DENe)                Turns: 3378, Time: 00:09:20

Health: -3/32      AC:  2    Str:  5    XL:     6   Next: 9%
Magic:  11/16      EV: 13    Int: 22    God:
Gold:   139        SH:  0    Dex: 15    Spells: 3/16 levels left

rFire    . . .     SeeInvis .   (no weapon)
rCold    . . .     Gourm    .   (no shield)
rNeg     . . .     Faith    .   a - +0 robe
rPois    .         Spirit   .   (no helmet)
rElec    .         Reflect  .   s - scarf {cloud immunity}
rCorr    .         Harm     .   (no gloves)
MR       .....                  (no boots)
Stlth    ++........             (no amulet)
Regen    0.1/turn               (no ring)
MPRegen  0.2/turn               (no ring)

@: no status effects
A: no striking features
a: no special abilities


You were on level 3 of the Dungeon.
You were not hungry.

You visited 1 branch of the dungeon, and saw 4 of its levels.

You collected 139 gold pieces.

Inventory:

Armour
 a - a +0 robe (worn)
 s - a scarf of cloud immunity (worn)
Jewellery
 f - an uncursed ring of magical power {unknown}
Wands
 j - a wand of iceblast (5/15)
 q - a wand of polymorph (19/24)
 r - a wand of flame (20/48)
Scrolls
 e - 4 scrolls of identify {unknown}
 g - a scroll of magic mapping {unknown}
 h - a scroll of enchant armour {unknown}
 u - a scroll of immolation {unknown}
 w - a scroll of fear {unknown}
Potions
 d - a potion of haste {unknown}
 i - 2 potions of brilliance {unknown}
 l - a potion of resistance {unknown}
 m - 2 potions of curing {unknown}
 n - a potion of mutation {unknown}
 o - a potion of flight {unknown}
 v - a potion of agility {unknown}
 x - a potion of berserk rage {unknown}
Books
 b - a book of Necromancy

   Spells                             Type                      Level
   a - Pain                           Necromancy                   1
   b - Animate Skeleton               Necromancy                   1
   c - Vampiric Draining              Necromancy                   3
   d - Regeneration                   Charms/Necromancy            3
   e - Animate Dead                   Necromancy                   4
   f - Control Undead                 Necromancy                   4
Comestibles
 c - 3 bread rations
 k - a fruit
 p - a royal jelly
 t - 2 meat rations


   Skills:
 - Level 3.0 Dodging
 - Level 3.2 Stealth
 + Level 5.9 Spellcasting
 * Level 7.0 Necromancy


You had 3 spell levels left.
You knew the following spells:

 Your Spells              Type           Power        Failure   Level  Hunger
a - Pain                  Necr           ####         1%          1    None
b - Animate Skeleton      Necr           N/A          1%          1    None
c - Animate Dead          Necr           N/A          4%          4    ###....
d - Vampiric Draining     Necr           #####.....   1%          3    #......
e - Control Undead        Necr           #####.....   4%          4    ###....


Dungeon Overview and Level Annotations

Branches:
Dungeon (4/15)
 Temple: D:4-7

Altars:
Cheibriados
Fedhas
Nemelex Xobeh

Annotations:
D:4 exclusion: skeleton, rafael's ghost, amateur HaAE


Message History

Aiming: Pain
Press: ? - help, Shift-Dir - straight line, f - orc
Aim: an orc, wielding a flail (chance to defeat MR: 93%)
The orc writhes in agony!
You kill the orc!
Casting: Pain
Confirm with . or Enter, or press ? or * to list all spells.
Aiming: Pain
Press: ? - help, Shift-Dir - straight line, f - bullfrog
Aim: a bullfrog (hasn't noticed you, chance to defeat MR: 84%)
The bullfrog croaks.
The bullfrog writhes in agony!
You hear a shout! x2
Casting: Pain
Confirm with . or Enter, or press ? or * to list all spells.
Aiming: Pain
Press: ? - help, Shift-Dir - straight line, f/p - bullfrog
Aim: a bullfrog (moderately wounded, chance to defeat MR: 84%)
The bullfrog writhes in agony!
The bullfrog hits you.
You die...

#######......#
#............#
#............#######
#...................
#......############.
#......# #.
######.############.
#...>.............
#@##F##.##########
######F##.##.#
#............#
#.#####)..####
#.#...'()..#
#.#.###....#
#.#.#.'....#
#.#)#.#....###
#..)#+##.....#


You could see a bullfrog.

Vanquished Creatures
  A scorpion (D:4)
  2 orc priests
  2 worker ants (D:4)
  5 adders
  3 worms
  2 dart slugs
  3 leopard geckos
  5 orcs
  5 giant cockroaches
  8 goblins
  13 hobgoblins
  2 jackals (D:2)
  2 kobolds (D:3)
  2 quokkas (D:4)
  3 ball pythons
  4 bats
  3 frilled lizards
  8 rats
73 creatures vanquished.

Vanquished Creatures (collateral kills)
  A bat (D:4)
1 creature vanquished.

Grand Total: 74 creatures vanquished

Notes
Turn   | Place    | Note
-------+----------+-------------------------------------------
     0 | D:1      | Ladykiller69 the Deep Elf Necromancer began the quest for the Orb.
     0 | D:1      | Reached XP level 1. HP: 10/10 MP: 6/6
   161 | D:1      | Reached skill level 5 in Necromancy
   165 | D:1      | Reached XP level 2. HP: 7/15 MP: 4/8
   555 | D:1      | Reached XP level 3. HP: 12/19 MP: 3/10
   654 | D:1      | Learned a level 1 spell: Animate Skeleton
  1168 | D:2      | Found a snail-covered altar of Cheibriados.
  1220 | D:2      | Found a blossoming altar of Fedhas.
  1472 | D:2      | Reached XP level 4. HP: 13/24 MP: 8/12
  1500 | D:2      | Found a sparkling altar of Nemelex Xobeh.
  1714 | D:2      | Found a faded altar of an unknown god.
  2456 | D:4      | Noticed rafael's ghost (amateur HaAE)
  2675 | D:4      | Reached skill level 6 in Necromancy
  2675 | D:4      | Reached XP level 5. HP: 13/28 MP: 7/14
  2676 | D:4      | Reached skill level 5 in Spellcasting
  2831 | D:4      | Learned a level 4 spell: Animate Dead
  2835 | D:4      | Learned a level 3 spell: Vampiric Draining
  2840 | D:4      | Learned a level 4 spell: Control Undead
  3370 | D:3      | HP: 1/28 [orc priest/divine providence (15)]
  3371 | D:3      | Reached skill level 7 in Necromancy
  3371 | D:3      | Reached XP level 6. HP: 1/32 MP: 13/16
  3378 | D:3      | Slain by a bullfrog

Skill      XL: |  1  2  3  4  5 |
---------------+----------------+-----
Necromancy     | 5 6 7 |  7.0
Stealth        | 3 |  3.2
Dodging        | 3 |  3.0
Spellcasting   | 4 5 |  5.9

Action                   |  1- 3 |  4- 6 || total
-------------------------+-------+-------++-------
 Cast: Pain              |    68 |    82 ||   150
       Animate Skeleton  |     7 |    14 ||    21
  Eat: Chunk             |     1 |     6 ||     7
Armor: Robe              |       |     2 ||     2
Dodge: Dodged            |     7 |     8 ||    15
